 Dungeon Crawl Stone Soup version 0.18.1-50-g88ac8fd (webtiles) character file.

46 inmateoo the Chopper (level 3, 0/21 HPs)
             Began as a Tengu Warper on Oct 17, 2016.
             Slain by an adder (3 damage)
             ... on level 2 of the Dungeon.
             The game lasted 00:01:36 (1479 turns).

inmateoo the Chopper (Tengu Warper)                 Turns: 1479, Time: 00:01:37

Health: 0/21       AC:  3    Str: 12    XL:     3   Next: 66%
Magic:  7/7        EV: 12    Int: 13    God:
Gold:   61         SH:  0    Dex: 13    Spells: 1 memorised, 5 levels left

rFire  . . .     SeeInvis .     a - +0 hand axe
rCold  + . .     Gourm    .     b - +0 leather armour
rNeg   . . .     Faith    .     (no shield)
rPois  .         Spirit   .     (helmet restricted)
rElec  .         Dismiss  .     (no cloak)
rCorr  .         Reflect  .     (no gloves)
SustAt .         Harm     .     (boots unavailable)
MR     .....                    (no amulet)
Stlth  +.........               (no ring)
                                j - ring of protection from cold

@: lethally poisoned (0 -> -10), not resistant to hostile enchantments, very
unstealthy
A: beak, talons 3
a: no special abilities


You were on level 2 of the Dungeon.
You were near starving.

You visited 1 branch of the dungeon, and saw 2 of its levels.

You collected 61 gold pieces.

Inventory:

Hand Weapons
 a - a +0 hand axe (weapon)
Missiles
 e - 4 tomahawks of dispersal (quivered)
Armour
 b - a +0 leather armour (worn)
Jewellery
 j - a ring of protection from cold (left hand)
Scrolls
 d - a scroll of blinking
 h - a scroll of remove curse {unknown}
 i - a scroll of fog {unknown}
 k - a scroll of recharging {unknown}
Potions
 g - a potion of cancellation {unknown}
Books
 c - a book of Spatial Translocations

   Spells                             Type                      Level
   a - Apportation                    Translocation                1
   b - Blink                          Translocation                2
   c - Shroud of Golubria             Charms/Translocation         2
   d - Portal Projectile              Translocation                3
   e - Teleport Other                 Translocation                3
   f - Passage of Golubria            Translocation                4
Comestibles
 f - a bread ration


   Skills:
 + Level 2.1 Fighting
 * Level 3.2 Axes
 - Level 1.0 Throwing
 + Level 2.1 Armour
 + Level 2.7 Dodging
 - Level 2.0 Spellcasting
 - Level 2.4 Translocations


You had 5 spell levels left.
You knew the following spells:

 Your Spells              Type           Power        Failure   Level  Hunger
a - Apportation           Tloc           #.........   14%         1    ##.....


Dungeon Overview and Level Annotations

Branches:
Dungeon (2/15)

Altars:
Gozag


Innate Abilities, Weirdness & Mutations

You have a beak for a mouth.
You have claws for feet.


Message History

You hit the adder. You peck the adder, but do no damage.
The adder is severely wounded.
You feel sick. The adder bites you.
You are lethally poisoned!
The adder poisons you!
You barely miss the adder. Your kick misses the adder.
The adder is severely wounded.
* * * LOW HITPOINT WARNING * * *
You feel sick. The adder bites you.
* * * LOW HITPOINT WARNING * * *
The adder barely misses you.
You closely miss the adder. Your kick misses the adder.
Your peck misses the adder.
The adder is severely wounded.
* * * LOW HITPOINT WARNING * * *
You feel sick. The adder closely misses you.
Your leather armour prevents you from hitting the adder.
The adder is severely wounded.
The adder bites you.
You die...

##.#........[.# #.#
#....#..#'###.# #.#
#.......#...#.###.#
#####.........#.#...#..
#...........###.#...###
#.........#.###........
#.......<.#..##.......#
#.........##.##.......#
#....S@.###...#........
######......#.#......##
##.#####...#......
#.##......#..####
###.##.##...>......
#....†.........#### ###
#.#.#.###.......... #<#
#.#.#.........#####
#.### #.#.######.....#


You could see an adder.

Vanquished Creatures
  2 adders (D:2)
  A worm (D:2)
  2 giant geckos
  A ball python (D:2)
  2 giant cockroaches (D:1)
  2 goblins (D:1)
  A hobgoblin (D:1)
  3 kobolds
  2 bats (D:2)
  A giant newt (D:1)
  8 rats
25 creatures vanquished.

Notes
Turn   | Place    | Note
--------------------------------------------------------------
     0 | D:1      | inmateoo the Tengu Warper began the quest for the Orb.
     0 | D:1      | Reached XP level 1. HP: 12/12 MP: 4/4
   362 | D:1      | Reached XP level 2. HP: 12/17 MP: 6/6
   810 | D:2      | Found a faded altar to an unknown god.
   814 | D:2      | Found an opulent altar of Gozag.
   852 | D:2      | Reached XP level 3. HP: 14/21 MP: 7/7
  1002 | D:2      | Reached skill level 3 in Axes
  1479 | D:2      | Slain by an adder

Skill      XL: |  1  2  3 |
---------------+----------+-----
Armour         | 2 |  2.1
Axes           | 3 |  3.2
Fighting       | |  2.1
Throwing       | |  1.0
Dodging        | |  2.7
Spellcasting   | |  2.0
Translocations | |  2.4

Action                   || total
-------------------------++-------
Melee: Hand axe          ||    98
       Kick              ||    15
       Peck              ||    15
Throw: Tomahawk          ||     1
Armor: Leather armour    ||    18
Dodge: Dodged            ||    67
